 Dungeon Crawl Stone Soup version 0.27-a0-263-gc8dee61f84 (webtiles) character file.

Game seed: 5056278634357760614

157 knot the Chopper (level 5, 38/61 HPs)
             Began as a Demonspawn Berserker on Feb 5, 2021.
             Was a Believer of Trog.
             Quit the game on level 3 of the Dungeon.
             The game lasted 00:01:40 (2665 turns).

knot the Chopper (Demonspawn Berserker)             Turns: 2665, Time: 00:01:41

Health: 38/61      AC:  5    Str: 17    XL:     5   Next: 15%
Magic:  5/5        EV: 11    Int:  9    God:    Trog [**....]
Gold:   148        SH:  0    Dex: 13    Spells: 4/4 levels left

rFire    . . .     SeeInvis .   a - +1 hand axe
rCold    . . .     Faith    .   (no shield)
rNeg     . . .     Spirit   .   l - +0 ring mail
rPois    .         Reflect  .   (helmet restricted)
rElec    .         Harm     .   (no cloak)
rCorr    .         Rampage  .   (no gloves)
Will     .....                  (no boots)
Stlth    ..........             (no amulet)
HPRegen  0.20/turn              (no ring)
MPRegen  0.09/turn              (no ring)

@: berserking, very quick
A: horns 1, demonic magic 1
a: Renounce Religion, Berserk, Trog's Hand


You were on level 3 of the Dungeon.
You worshipped Trog.
Trog was pleased with you.
You visited 1 branch of the dungeon, and saw 3 of its levels.

You collected 148 gold pieces.

Inventory:

Hand Weapons
 a - a +1 hand axe (weapon)
Missiles
 f - 61 stones
 h - 25 poisoned darts
Armour
 l - a +0 ring mail (worn)
Scrolls
 b - a scroll of enchant armour {unknown}
 d - 3 scrolls of remove curse
 e - a scroll of enchant weapon
 i - a scroll of identify
 j - a scroll of amnesia {unknown}
 k - 2 scrolls of teleportation {unknown}
 n - a scroll of blinking {unknown}
 p - a scroll of random uselessness {unknown}
Potions
 c - 2 potions of cancellation {unknown}
 g - 2 potions of curing
 m - a potion of heal wounds {unknown}
 o - a potion of brilliance {unknown}


   Skills:
 - Level 3.0 Fighting
 + Level 5.4 Axes
 - Level 1.7 Armour
 - Level 1.7 Dodging


You had 4 spell levels left.
You didn't know any spells.
Your spell library was empty.

Dungeon Overview and Level Annotations

Branches:
Dungeon (3/15)

Altars:
Uskayaw


Innate Abilities, Weirdness & Mutations

You have a pair of small horns on your head.
Spells you cast may paralyse adjacent enemies.


Message History

The ogre barely misses you.
You hit the ogre but do no damage. The ogre misses you.
A red film seems to cover your vision as you go berserk!
You feel yourself moving faster!
You feel mighty!
You slash the ogre!
The ogre is moderately wounded.
The ogre hits you with a +0 giant club!!
You slash the ogre!
The ogre is heavily wounded.
You slash the ogre!
The ogre is almost dead.
The ogre closely misses you.
You slash the ogre!
You kill the ogre!
Trog accepts your kill.
Your Axes skill increases to level 5!
You have reached level 5!
Your demonic ancestry asserts itself...
A menacing aura infuses your magic.
Are you sure you want to abandon this character and quit the game? (Confirm with "yes".)

......... # #.......##.#
#.......##.## ####
#........... ...##
#..........#
....###.......##<#####
.....##..............##.
.....[##................
.......##.......@)...#
........#........#...#
...†....#............#
........#..).........#
........'.#..#.....[...
.†......'........##..###
........#............($
........#........##.###
........#...##...##


There were no monsters in sight!

Vanquished Creatures
  An ogre (D:3)
  3 adders (D:2)
  2 oozes
  A dart slug (D:3)
  A leopard gecko (D:1)
  3 ball pythons
  2 giant cockroaches (D:1)
  3 goblins
  2 hobgoblins
  4 kobolds
  2 quokkas (D:2)
  5 bats
  3 frilled lizards
  6 rats
38 creatures vanquished.

Notes
Turn   | Place    | Note
-------+----------+-------------------------------------------
     0 | D:1      | knot the Demonspawn Berserker began the quest for the Orb.
     0 | D:1      | Reached XP level 1. HP: 18/18 MP: 1/1
    42 | D:1      | Reached skill level 3 in Axes
   279 | D:1      | Gained mutation: You have a pair of small horns on your
                  | head. [demonic ancestry]
   279 | D:1      | Reached XP level 2. HP: 8/24 MP: 2/2
  1105 | D:2      | Reached XP level 3. HP: 14/29 MP: 3/3
  1517 | D:2      | Reached skill level 4 in Axes
  1846 | D:2      | Found a hide-covered altar of Uskayaw.
  1910 | D:2      | Reached ** piety under Trog
  2420 | D:3      | Reached XP level 4. HP: 33/35 MP: 4/4
  2655 | D:3      | Noticed an ogre
  2664 | D:3      | Killed an ogre
  2665 | D:3      | Reached skill level 5 in Axes
  2665 | D:3      | Gained mutation: Spells you cast may paralyse adjacent
                  | enemies. [demonic ancestry]
  2665 | D:3      | Reached XP level 5. HP: 38/41 MP: 5/5
  2665 | D:3      | Quit the game

Illustrated notes

Levels and vault maps discovered:
D:1:      dpeg_arrival_water_temple_mockup, layout_rooms, minmay_tromino_v4_b
D:2:      layout_loops_corners, marbit_many_paths
D:3:      kennysheep_big_flooded_room, layout_basic,
          chequers_ecumenical_altar_simple, uniq_crazy_yiuf_cottage

Skill      XL: |  1  2  3  4 |
---------------+-------------+-----
Axes           | 3 4 5 |  5.4
Fighting       | |  3.0
Armour         | |  1.7
Dodging        | |  1.7

Action                   |  1- 3 |  4- 6 || total
-------------------------+-------+-------++-------
Melee: Hand axe          |    95 |    15 ||   110
       Headbutt          |    10 |     1 ||    11
Invok: Berserk           |     1 |     1 ||     2
  Use: Scroll            |     5 |       ||     5
Armor: Animal skin       |    10 |       ||    10
       Ring mail         |    14 |     1 ||    15
Dodge: Dodged            |    58 |     8 ||    66

Table legend: (Time is in decaauts)
 A = Elapsed time spent in this place.
 B = Non-inter-level travel time spent in this place.
 C = Inter-level travel time spent in this place.
 D = Time resting spent in this place.
 E = Time spent auto-exploring this place.
 F = Levels seen in this place.
 G = Mean time per level.
                   A        B        C        D        E       F      G
               +--------+--------+--------+--------+--------+-----+--------+
         Total |   2686 |   2616 |     70 |    604 |   1751 |   3 |  895.3 |
       Dungeon |   2686 |   2616 |     70 |    604 |   1751 |   3 |  895.3 |
               +--------+--------+--------+--------+--------+-----+--------+

Top non-repeatable levels by time:
     D:2: 1270 daAuts
     D:1: 1085 daAuts
     D:3: 330 daAuts
